Workbook

Sheet Sheet1
B4: FY2026 | C4: Bowdoin | D4: Bowdoinham | E4: Harpswell | F4: Topsham | G4: Overall
B5: Total Local Contribution | C5: 4253973.5 | D5: 4664442.5 | E5: 11266530 | F5: 14201193 | G5: 34386139
B6: Local Contribution Increase | C6: 429765.54 | D6: 438861.45 | E6: 897576.38 | F6: 1062600.9 | G6: 2828804.2
B7: % Local Contribution Increase | C7: 0.1124 | D7: 0.1039 | E7: 0.0866 | F7: 0.0809 | G7: 0.0896
B9: FY 2027 | C9: Bowdoin | D9: Bowdoinham | E9: Harpswell | F9: Topsham | G9: Overall
B10: 2026 Total Local Contribution | C10: 4253973.5 | D10: 4664442.5 | E10: 11266530 | F10: 14201193 | G10: 34386139
B11: 2027 Total Local Contribution | C11: 4718568 | D11: 5123881.6 | E11: 11960576 | F11: 15510747 | G11: 37313773
B12: Local Contribution Increase | C12: =C11-C10 -> 464594.44 | D12: 459439.18 | E12: 694045.75 | F12: 1309554.1 | G12: 2927633.4
B13: % Local Contribution Increase | C13: =C11/C10-1 -> 0.10921423 | D13: =D11/D10-1 -> 0.098498199 | E13: =E11/E10-1 -> 0.061602439 | F13: =F11/F10-1 -> 0.09221437 | G13: =G11/G10-1 -> 0.085139928
B16: Calculating the Tax Impact on an Average Home:
B18: Local Valuation of Town Property* | C18: 463579500 | D18: 376115160 | E18: 2514458550 | F18: 1834458550 | G18: 5188611760
B19: Increased Assessment to Towns | C19: =C12 -> 464594.44 | D19: =D12 -> 459439.18 | E19: =E12 -> 694045.75 | F19: =F12 -> 1309554.1 | G19: =G12 -> 2927633.4
B20: Increase to mill rate per $1000 of Valuation | C20: =C19/(C18/1000) -> 1.0021894 | D20: =D19/(D18/1000) -> 1.2215386 | E20: =E19/(E18/1000) -> 0.27602195 | F20: =F19/(F18/1000) -> 0.71386408 | G20: =G19/(G18/1000) -> 0.56424215
B21: Local Assessment of a typical home by community | C21: 313600 | D21: 250000 | E21: 600200 | F21: 500000 | G21: 415950
B22: Avg Annual Tax Increase for typical home | C22: =(C21/1000)*C20 -> 314.28658 | D22: =(D21/1000)*D20 -> 305.38465 | E22: =(E21/1000)*E20 -> 165.66837 | F22: =(F21/1000)*F20 -> 356.93204 | G22: =(G21/1000)*G20 -> 234.69652
B24: *Based on January 2026 Numbers for local valuation and typical home value

Sheet Bond Tax Impact
B2: MSAD 75 — Bond Scenario Tax Impact by Town
B3: Bond sizes from $20M to $160M, scaled from MMBB preliminary numbers (market rates as of 9/25/2026). Tax impact shown for the peak debt-service year (FY2029 for 10-yr, FY2030 for 20-yr).
B5: Town Inputs (linked from Sheet1) | C5: Bowdoin | D5: Bowdoinham | E5: Harpswell | F5: Topsham | G5: Overall
B6: 2027 Total Local Contribution | C6: =Sheet1!C11 -> 4718568 | D6: =Sheet1!D11 -> 5123881.6 | E6: =Sheet1!E11 -> 11960576 | F6: =Sheet1!F11 -> 15510747 | G6: =Sheet1!G11 -> 37313773
B7: Cost Share % (share of 2027 Local Contribution) | C7: =C6/$G$6 -> 0.12645647 | D7: =D6/$G$6 -> 0.13731878 | E7: =E6/$G$6 -> 0.32054052 | F7: =F6/$G$6 -> 0.41568423 | G7: =SUM(C7:F7) -> 1
B8: Local Valuation of Town Property* | C8: =Sheet1!C18 -> 463579500 | D8: =Sheet1!D18 -> 376115160 | E8: =Sheet1!E18 -> 2514458550 | F8: =Sheet1!F18 -> 1834458550 | G8: =Sheet1!G18 -> 5188611760
B9: Local Assessment of a Typical Home | C9: =Sheet1!C21 -> 313600 | D9: =Sheet1!D21 -> 250000 | E9: =Sheet1!E21 -> 600200 | F9: =Sheet1!F21 -> 500000 | G9: =Sheet1!G21 -> 415950
B10: FY2027 Operating Increase to Mill Rate (per $1,000) | C10: =Sheet1!C20 -> 1.0021894 | D10: =Sheet1!D20 -> 1.2215386 | E10: =Sheet1!E20 -> 0.27602195 | F10: =Sheet1!F20 -> 0.71386408 | G10: =Sheet1!G20 -> 0.56424215
B11: FY2027 Operating Tax Increase — Typical Home | C11: =Sheet1!C22 -> 314.28658 | D11: =Sheet1!D22 -> 305.38465 | E11: =Sheet1!E22 -> 165.66837 | F11: =Sheet1!F22 -> 356.93204 | G11: =Sheet1!G22 -> 234.69652
B13: Bond Assumptions (MMBB $135M reference issue) | C13: 10-Year | D13: 20-Year
B14: Reference Par Amount | C14: ='10-Yr Prelim'!C27 -> 135000000 | D14: ='20-Yr Prelim'!C27 -> 135000000
B15: True Interest Cost (TIC) | C15: ='10-Yr Prelim'!C20 -> 0.04135541 | D15: ='20-Yr Prelim'!C20 -> 0.04747637
B16: Final Maturity | C16: ='10-Yr Prelim'!C18 -> 50345 | D16: ='20-Yr Prelim'!C18 -> 53997
B17: Peak Annual Debt Service | C17: =MAX('10-Yr Prelim'!F54:F63) -> 18400647 | D17: =MAX('20-Yr Prelim'!F64:F83) -> 12431880
B18: Final-Year Debt Service | C18: ='10-Yr Prelim'!F63 -> 13797675 | D18: ='20-Yr Prelim'!F83 -> 6926175
B19: Total Interest | C19: ='10-Yr Prelim'!E64 -> 27713622 | D19: ='20-Yr Prelim'!E84 -> 64365450
B20: Total Debt Service | C20: ='10-Yr Prelim'!F64 -> 1.6271362e+08 | D20: ='20-Yr Prelim'!F84 -> 1.9936545e+08
B21: Years of Payments | C21: =COUNT('10-Yr Prelim'!F54:F63) -> 10 | D21: =COUNT('20-Yr Prelim'!F64:F83) -> 20
B22: Average Annual Debt Service | C22: =C20/C21 -> 16271362 | D22: =D20/D21 -> 9968272.5
B24: 1. District Annual Debt Service by Bond Amount
C25: 10-Year Maturity | I25: 20-Year Maturity
B26: Bond Amount | C26: Peak Annual DS | D26: Final-Year DS | E26: Avg Annual DS | F26: Total Interest | G26: Total Debt Service | I26: Peak Annual DS | J26: Final-Year DS | K26: Avg Annual DS | L26: Total Interest | M26: Total Debt Service
B27: 20000000 | C27: =$B27*$C$17/$C$14 -> 2726021.8 | D27: =$B27*$C$18/$C$14 -> 2044100 | E27: =$B27*$C$22/$C$14 -> 2410572.2 | F27: =$B27*$C$19/$C$14 -> 4105721.8 | G27: =$B27*$C$20/$C$14 -> 24105722 | I27: =$B27*$D$17/$D$14 -> 1841760 | J27: =$B27*$D$18/$D$14 -> 1026100 | K27: =$B27*$D$22/$D$14 -> 1476781.1 | L27: =$B27*$D$19/$D$14 -> 9535622.3 | M27: =$B27*$D$20/$D$14 -> 29535622
B28: 40000000 | C28: =$B28*$C$17/$C$14 -> 5452043.7 | D28: =$B28*$C$18/$C$14 -> 4088200 | E28: =$B28*$C$22/$C$14 -> 4821144.4 | F28: =$B28*$C$19/$C$14 -> 8211443.7 | G28: =$B28*$C$20/$C$14 -> 48211444 | I28: =$B28*$D$17/$D$14 -> 3683520 | J28: =$B28*$D$18/$D$14 -> 2052200 | K28: =$B28*$D$22/$D$14 -> 2953562.2 | L28: =$B28*$D$19/$D$14 -> 19071245 | M28: =$B28*$D$20/$D$14 -> 59071245
B29: 60000000 | C29: =$B29*$C$17/$C$14 -> 8178065.5 | D29: =$B29*$C$18/$C$14 -> 6132300 | E29: =$B29*$C$22/$C$14 -> 7231716.6 | F29: =$B29*$C$19/$C$14 -> 12317166 | G29: =$B29*$C$20/$C$14 -> 72317166 | I29: =$B29*$D$17/$D$14 -> 5525280 | J29: =$B29*$D$18/$D$14 -> 3078300 | K29: =$B29*$D$22/$D$14 -> 4430343.3 | L29: =$B29*$D$19/$D$14 -> 28606867 | M29: =$B29*$D$20/$D$14 -> 88606867
B30: 80000000 | C30: =$B30*$C$17/$C$14 -> 10904087 | D30: =$B30*$C$18/$C$14 -> 8176400 | E30: =$B30*$C$22/$C$14 -> 9642288.7 | F30: =$B30*$C$19/$C$14 -> 16422887 | G30: =$B30*$C$20/$C$14 -> 96422887 | I30: =$B30*$D$17/$D$14 -> 7367040 | J30: =$B30*$D$18/$D$14 -> 4104400 | K30: =$B30*$D$22/$D$14 -> 5907124.5 | L30: =$B30*$D$19/$D$14 -> 38142489 | M30: =$B30*$D$20/$D$14 -> 1.1814249e+08
B31: 100000000 | C31: =$B31*$C$17/$C$14 -> 13630109 | D31: =$B31*$C$18/$C$14 -> 10220500 | E31: =$B31*$C$22/$C$14 -> 12052861 | F31: =$B31*$C$19/$C$14 -> 20528609 | G31: =$B31*$C$20/$C$14 -> 1.2052861e+08 | I31: =$B31*$D$17/$D$14 -> 9208800 | J31: =$B31*$D$18/$D$14 -> 5130500 | K31: =$B31*$D$22/$D$14 -> 7383905.6 | L31: =$B31*$D$19/$D$14 -> 47678111 | M31: =$B31*$D$20/$D$14 -> 1.4767811e+08
B32: 120000000 | C32: =$B32*$C$17/$C$14 -> 16356131 | D32: =$B32*$C$18/$C$14 -> 12264600 | E32: =$B32*$C$22/$C$14 -> 14463433 | F32: =$B32*$C$19/$C$14 -> 24634331 | G32: =$B32*$C$20/$C$14 -> 1.4463433e+08 | I32: =$B32*$D$17/$D$14 -> 11050560 | J32: =$B32*$D$18/$D$14 -> 6156600 | K32: =$B32*$D$22/$D$14 -> 8860686.7 | L32: =$B32*$D$19/$D$14 -> 57213734 | M32: =$B32*$D$20/$D$14 -> 1.7721373e+08
B33: 140000000 | C33: =$B33*$C$17/$C$14 -> 19082153 | D33: =$B33*$C$18/$C$14 -> 14308700 | E33: =$B33*$C$22/$C$14 -> 16874005 | F33: =$B33*$C$19/$C$14 -> 28740053 | G33: =$B33*$C$20/$C$14 -> 1.6874005e+08 | I33: =$B33*$D$17/$D$14 -> 12892320 | J33: =$B33*$D$18/$D$14 -> 7182700 | K33: =$B33*$D$22/$D$14 -> 10337468 | L33: =$B33*$D$19/$D$14 -> 66749356 | M33: =$B33*$D$20/$D$14 -> 2.0674936e+08
B34: 160000000 | C34: =$B34*$C$17/$C$14 -> 21808175 | D34: =$B34*$C$18/$C$14 -> 16352800 | E34: =$B34*$C$22/$C$14 -> 19284577 | F34: =$B34*$C$19/$C$14 -> 32845775 | G34: =$B34*$C$20/$C$14 -> 1.9284577e+08 | I34: =$B34*$D$17/$D$14 -> 14734080 | J34: =$B34*$D$18/$D$14 -> 8208800 | K34: =$B34*$D$22/$D$14 -> 11814249 | L34: =$B34*$D$19/$D$14 -> 76284978 | M34: =$B34*$D$20/$D$14 -> 2.3628498e+08
B36: 2. Town Share of Peak Annual Debt Service
C37: 10-Year Maturity | I37: 20-Year Maturity
B38: Bond Amount | C38: Bowdoin | D38: Bowdoinham | E38: Harpswell | F38: Topsham | G38: Overall | I38: Bowdoin | J38: Bowdoinham | K38: Harpswell | L38: Topsham | M38: Overall
B39: =B27 -> 20000000 | C39: =$C27*INDEX($C$7:$G$7,MATCH(C$38,$C$5:$G$5,0)) -> 344723.1 | D39: =$C27*INDEX($C$7:$G$7,MATCH(D$38,$C$5:$G$5,0)) -> 374333.98 | E39: =$C27*INDEX($C$7:$G$7,MATCH(E$38,$C$5:$G$5,0)) -> 873800.46 | F39: =$C27*INDEX($C$7:$G$7,MATCH(F$38,$C$5:$G$5,0)) -> 1133164.3 | G39: =$C27*INDEX($C$7:$G$7,MATCH(G$38,$C$5:$G$5,0)) -> 2726021.8 | I39: =$I27*INDEX($C$7:$G$7,MATCH(I$38,$C$5:$G$5,0)) -> 232902.47 | J39: =$I27*INDEX($C$7:$G$7,MATCH(J$38,$C$5:$G$5,0)) -> 252908.23 | K39: =$I27*INDEX($C$7:$G$7,MATCH(K$38,$C$5:$G$5,0)) -> 590358.71 | L39: =$I27*INDEX($C$7:$G$7,MATCH(L$38,$C$5:$G$5,0)) -> 765590.59 | M39: =$I27*INDEX($C$7:$G$7,MATCH(M$38,$C$5:$G$5,0)) -> 1841760
B40: =B28 -> 40000000 | C40: =$C28*INDEX($C$7:$G$7,MATCH(C$38,$C$5:$G$5,0)) -> 689446.2 | D40: =$C28*INDEX($C$7:$G$7,MATCH(D$38,$C$5:$G$5,0)) -> 748667.97 | E40: =$C28*INDEX($C$7:$G$7,MATCH(E$38,$C$5:$G$5,0)) -> 1747600.9 | F40: =$C28*INDEX($C$7:$G$7,MATCH(F$38,$C$5:$G$5,0)) -> 2266328.6 | G40: =$C28*INDEX($C$7:$G$7,MATCH(G$38,$C$5:$G$5,0)) -> 5452043.7 | I40: =$I28*INDEX($C$7:$G$7,MATCH(I$38,$C$5:$G$5,0)) -> 465804.94 | J40: =$I28*INDEX($C$7:$G$7,MATCH(J$38,$C$5:$G$5,0)) -> 505816.46 | K40: =$I28*INDEX($C$7:$G$7,MATCH(K$38,$C$5:$G$5,0)) -> 1180717.4 | L40: =$I28*INDEX($C$7:$G$7,MATCH(L$38,$C$5:$G$5,0)) -> 1531181.2 | M40: =$I28*INDEX($C$7:$G$7,MATCH(M$38,$C$5:$G$5,0)) -> 3683520
B41: =B29 -> 60000000 | C41: =$C29*INDEX($C$7:$G$7,MATCH(C$38,$C$5:$G$5,0)) -> 1034169.3 | D41: =$C29*INDEX($C$7:$G$7,MATCH(D$38,$C$5:$G$5,0)) -> 1123002 | E41: =$C29*INDEX($C$7:$G$7,MATCH(E$38,$C$5:$G$5,0)) -> 2621401.4 | F41: =$C29*INDEX($C$7:$G$7,MATCH(F$38,$C$5:$G$5,0)) -> 3399492.9 | G41: =$C29*INDEX($C$7:$G$7,MATCH(G$38,$C$5:$G$5,0)) -> 8178065.5 | I41: =$I29*INDEX($C$7:$G$7,MATCH(I$38,$C$5:$G$5,0)) -> 698707.41 | J41: =$I29*INDEX($C$7:$G$7,MATCH(J$38,$C$5:$G$5,0)) -> 758724.69 | K41: =$I29*INDEX($C$7:$G$7,MATCH(K$38,$C$5:$G$5,0)) -> 1771076.1 | L41: =$I29*INDEX($C$7:$G$7,MATCH(L$38,$C$5:$G$5,0)) -> 2296771.8 | M41: =$I29*INDEX($C$7:$G$7,MATCH(M$38,$C$5:$G$5,0)) -> 5525280
B42: =B30 -> 80000000 | C42: =$C30*INDEX($C$7:$G$7,MATCH(C$38,$C$5:$G$5,0)) -> 1378892.4 | D42: =$C30*INDEX($C$7:$G$7,MATCH(D$38,$C$5:$G$5,0)) -> 1497335.9 | E42: =$C30*INDEX($C$7:$G$7,MATCH(E$38,$C$5:$G$5,0)) -> 3495201.8 | F42: =$C30*INDEX($C$7:$G$7,MATCH(F$38,$C$5:$G$5,0)) -> 4532657.2 | G42: =$C30*INDEX($C$7:$G$7,MATCH(G$38,$C$5:$G$5,0)) -> 10904087 | I42: =$I30*INDEX($C$7:$G$7,MATCH(I$38,$C$5:$G$5,0)) -> 931609.87 | J42: =$I30*INDEX($C$7:$G$7,MATCH(J$38,$C$5:$G$5,0)) -> 1011632.9 | K42: =$I30*INDEX($C$7:$G$7,MATCH(K$38,$C$5:$G$5,0)) -> 2361434.8 | L42: =$I30*INDEX($C$7:$G$7,MATCH(L$38,$C$5:$G$5,0)) -> 3062362.4 | M42: =$I30*INDEX($C$7:$G$7,MATCH(M$38,$C$5:$G$5,0)) -> 7367040
B43: =B31 -> 100000000 | C43: =$C31*INDEX($C$7:$G$7,MATCH(C$38,$C$5:$G$5,0)) -> 1723615.5 | D43: =$C31*INDEX($C$7:$G$7,MATCH(D$38,$C$5:$G$5,0)) -> 1871669.9 | E43: =$C31*INDEX($C$7:$G$7,MATCH(E$38,$C$5:$G$5,0)) -> 4369002.3 | F43: =$C31*INDEX($C$7:$G$7,MATCH(F$38,$C$5:$G$5,0)) -> 5665821.5 | G43: =$C31*INDEX($C$7:$G$7,MATCH(G$38,$C$5:$G$5,0)) -> 13630109 | I43: =$I31*INDEX($C$7:$G$7,MATCH(I$38,$C$5:$G$5,0)) -> 1164512.3 | J43: =$I31*INDEX($C$7:$G$7,MATCH(J$38,$C$5:$G$5,0)) -> 1264541.2 | K43: =$I31*INDEX($C$7:$G$7,MATCH(K$38,$C$5:$G$5,0)) -> 2951793.5 | L43: =$I31*INDEX($C$7:$G$7,MATCH(L$38,$C$5:$G$5,0)) -> 3827953 | M43: =$I31*INDEX($C$7:$G$7,MATCH(M$38,$C$5:$G$5,0)) -> 9208800
B44: =B32 -> 120000000 | C44: =$C32*INDEX($C$7:$G$7,MATCH(C$38,$C$5:$G$5,0)) -> 2068338.6 | D44: =$C32*INDEX($C$7:$G$7,MATCH(D$38,$C$5:$G$5,0)) -> 2246003.9 | E44: =$C32*INDEX($C$7:$G$7,MATCH(E$38,$C$5:$G$5,0)) -> 5242802.8 | F44: =$C32*INDEX($C$7:$G$7,MATCH(F$38,$C$5:$G$5,0)) -> 6798985.8 | G44: =$C32*INDEX($C$7:$G$7,MATCH(G$38,$C$5:$G$5,0)) -> 16356131 | I44: =$I32*INDEX($C$7:$G$7,MATCH(I$38,$C$5:$G$5,0)) -> 1397414.8 | J44: =$I32*INDEX($C$7:$G$7,MATCH(J$38,$C$5:$G$5,0)) -> 1517449.4 | K44: =$I32*INDEX($C$7:$G$7,MATCH(K$38,$C$5:$G$5,0)) -> 3542152.3 | L44: =$I32*INDEX($C$7:$G$7,MATCH(L$38,$C$5:$G$5,0)) -> 4593543.5 | M44: =$I32*INDEX($C$7:$G$7,MATCH(M$38,$C$5:$G$5,0)) -> 11050560
B45: =B33 -> 140000000 | C45: =$C33*INDEX($C$7:$G$7,MATCH(C$38,$C$5:$G$5,0)) -> 2413061.7 | D45: =$C33*INDEX($C$7:$G$7,MATCH(D$38,$C$5:$G$5,0)) -> 2620337.9 | E45: =$C33*INDEX($C$7:$G$7,MATCH(E$38,$C$5:$G$5,0)) -> 6116603.2 | F45: =$C33*INDEX($C$7:$G$7,MATCH(F$38,$C$5:$G$5,0)) -> 7932150 | G45: =$C33*INDEX($C$7:$G$7,MATCH(G$38,$C$5:$G$5,0)) -> 19082153 | I45: =$I33*INDEX($C$7:$G$7,MATCH(I$38,$C$5:$G$5,0)) -> 1630317.3 | J45: =$I33*INDEX($C$7:$G$7,MATCH(J$38,$C$5:$G$5,0)) -> 1770357.6 | K45: =$I33*INDEX($C$7:$G$7,MATCH(K$38,$C$5:$G$5,0)) -> 4132511 | L45: =$I33*INDEX($C$7:$G$7,MATCH(L$38,$C$5:$G$5,0)) -> 5359134.1 | M45: =$I33*INDEX($C$7:$G$7,MATCH(M$38,$C$5:$G$5,0)) -> 12892320
B46: =B34 -> 160000000 | C46: =$C34*INDEX($C$7:$G$7,MATCH(C$38,$C$5:$G$5,0)) -> 2757784.8 | D46: =$C34*INDEX($C$7:$G$7,MATCH(D$38,$C$5:$G$5,0)) -> 2994671.9 | E46: =$C34*INDEX($C$7:$G$7,MATCH(E$38,$C$5:$G$5,0)) -> 6990403.7 | F46: =$C34*INDEX($C$7:$G$7,MATCH(F$38,$C$5:$G$5,0)) -> 9065314.3 | G46: =$C34*INDEX($C$7:$G$7,MATCH(G$38,$C$5:$G$5,0)) -> 21808175 | I46: =$I34*INDEX($C$7:$G$7,MATCH(I$38,$C$5:$G$5,0)) -> 1863219.7 | J46: =$I34*INDEX($C$7:$G$7,MATCH(J$38,$C$5:$G$5,0)) -> 2023265.8 | K46: =$I34*INDEX($C$7:$G$7,MATCH(K$38,$C$5:$G$5,0)) -> 4722869.7 | L46: =$I34*INDEX($C$7:$G$7,MATCH(L$38,$C$5:$G$5,0)) -> 6124724.7 | M46: =$I34*INDEX($C$7:$G$7,MATCH(M$38,$C$5:$G$5,0)) -> 14734080
B48: 3. Increase to Mill Rate per $1,000 of Valuation — Bond Only (Peak Year)
C49: 10-Year Maturity | I49: 20-Year Maturity
B50: Bond Amount | C50: Bowdoin | D50: Bowdoinham | E50: Harpswell | F50: Topsham | G50: Overall | I50: Bowdoin | J50: Bowdoinham | K50: Harpswell | L50: Topsham | M50: Overall
B51: =B39 -> 20000000 | C51: =C39/(INDEX($C$8:$G$8,MATCH(C$50,$C$5:$G$5,0))/1000) -> 0.74361161 | D51: =D39/(INDEX($C$8:$G$8,MATCH(D$50,$C$5:$G$5,0))/1000) -> 0.99526428 | E51: =E39/(INDEX($C$8:$G$8,MATCH(E$50,$C$5:$G$5,0))/1000) -> 0.34751038 | F51: =F39/(INDEX($C$8:$G$8,MATCH(F$50,$C$5:$G$5,0))/1000) -> 0.61771049 | G51: =G39/(INDEX($C$8:$G$8,MATCH(G$50,$C$5:$G$5,0))/1000) -> 0.52538559 | I51: =I39/(INDEX($C$8:$G$8,MATCH(I$50,$C$5:$G$5,0))/1000) -> 0.50240028 | J51: =J39/(INDEX($C$8:$G$8,MATCH(J$50,$C$5:$G$5,0))/1000) -> 0.67242233 | K51: =K39/(INDEX($C$8:$G$8,MATCH(K$50,$C$5:$G$5,0))/1000) -> 0.23478562 | L51: =L39/(INDEX($C$8:$G$8,MATCH(L$50,$C$5:$G$5,0))/1000) -> 0.41733872 | M51: =M39/(INDEX($C$8:$G$8,MATCH(M$50,$C$5:$G$5,0))/1000) -> 0.354962
B52: =B40 -> 40000000 | C52: =C40/(INDEX($C$8:$G$8,MATCH(C$50,$C$5:$G$5,0))/1000) -> 1.4872232 | D52: =D40/(INDEX($C$8:$G$8,MATCH(D$50,$C$5:$G$5,0))/1000) -> 1.9905286 | E52: =E40/(INDEX($C$8:$G$8,MATCH(E$50,$C$5:$G$5,0))/1000) -> 0.69502077 | F52: =F40/(INDEX($C$8:$G$8,MATCH(F$50,$C$5:$G$5,0))/1000) -> 1.235421 | G52: =G40/(INDEX($C$8:$G$8,MATCH(G$50,$C$5:$G$5,0))/1000) -> 1.0507712 | I52: =I40/(INDEX($C$8:$G$8,MATCH(I$50,$C$5:$G$5,0))/1000) -> 1.0048006 | J52: =J40/(INDEX($C$8:$G$8,MATCH(J$50,$C$5:$G$5,0))/1000) -> 1.3448447 | K52: =K40/(INDEX($C$8:$G$8,MATCH(K$50,$C$5:$G$5,0))/1000) -> 0.46957124 | L52: =L40/(INDEX($C$8:$G$8,MATCH(L$50,$C$5:$G$5,0))/1000) -> 0.83467745 | M52: =M40/(INDEX($C$8:$G$8,MATCH(M$50,$C$5:$G$5,0))/1000) -> 0.709924
B53: =B41 -> 60000000 | C53: =C41/(INDEX($C$8:$G$8,MATCH(C$50,$C$5:$G$5,0))/1000) -> 2.2308348 | D53: =D41/(INDEX($C$8:$G$8,MATCH(D$50,$C$5:$G$5,0))/1000) -> 2.9857928 | E53: =E41/(INDEX($C$8:$G$8,MATCH(E$50,$C$5:$G$5,0))/1000) -> 1.0425312 | F53: =F41/(INDEX($C$8:$G$8,MATCH(F$50,$C$5:$G$5,0))/1000) -> 1.8531315 | G53: =G41/(INDEX($C$8:$G$8,MATCH(G$50,$C$5:$G$5,0))/1000) -> 1.5761568 | I53: =I41/(INDEX($C$8:$G$8,MATCH(I$50,$C$5:$G$5,0))/1000) -> 1.5072008 | J53: =J41/(INDEX($C$8:$G$8,MATCH(J$50,$C$5:$G$5,0))/1000) -> 2.017267 | K53: =K41/(INDEX($C$8:$G$8,MATCH(K$50,$C$5:$G$5,0))/1000) -> 0.70435686 | L53: =L41/(INDEX($C$8:$G$8,MATCH(L$50,$C$5:$G$5,0))/1000) -> 1.2520162 | M53: =M41/(INDEX($C$8:$G$8,MATCH(M$50,$C$5:$G$5,0))/1000) -> 1.064886
B54: =B42 -> 80000000 | C54: =C42/(INDEX($C$8:$G$8,MATCH(C$50,$C$5:$G$5,0))/1000) -> 2.9744464 | D54: =D42/(INDEX($C$8:$G$8,MATCH(D$50,$C$5:$G$5,0))/1000) -> 3.9810571 | E54: =E42/(INDEX($C$8:$G$8,MATCH(E$50,$C$5:$G$5,0))/1000) -> 1.3900415 | F54: =F42/(INDEX($C$8:$G$8,MATCH(F$50,$C$5:$G$5,0))/1000) -> 2.470842 | G54: =G42/(INDEX($C$8:$G$8,MATCH(G$50,$C$5:$G$5,0))/1000) -> 2.1015423 | I54: =I42/(INDEX($C$8:$G$8,MATCH(I$50,$C$5:$G$5,0))/1000) -> 2.0096011 | J54: =J42/(INDEX($C$8:$G$8,MATCH(J$50,$C$5:$G$5,0))/1000) -> 2.6896893 | K54: =K42/(INDEX($C$8:$G$8,MATCH(K$50,$C$5:$G$5,0))/1000) -> 0.93914248 | L54: =L42/(INDEX($C$8:$G$8,MATCH(L$50,$C$5:$G$5,0))/1000) -> 1.6693549 | M54: =M42/(INDEX($C$8:$G$8,MATCH(M$50,$C$5:$G$5,0))/1000) -> 1.419848
B55: =B43 -> 100000000 | C55: =C43/(INDEX($C$8:$G$8,MATCH(C$50,$C$5:$G$5,0))/1000) -> 3.7180581 | D55: =D43/(INDEX($C$8:$G$8,MATCH(D$50,$C$5:$G$5,0))/1000) -> 4.9763214 | E55: =E43/(INDEX($C$8:$G$8,MATCH(E$50,$C$5:$G$5,0))/1000) -> 1.7375519 | F55: =F43/(INDEX($C$8:$G$8,MATCH(F$50,$C$5:$G$5,0))/1000) -> 3.0885525 | G55: =G43/(INDEX($C$8:$G$8,MATCH(G$50,$C$5:$G$5,0))/1000) -> 2.6269279 | I55: =I43/(INDEX($C$8:$G$8,MATCH(I$50,$C$5:$G$5,0))/1000) -> 2.5120014 | J55: =J43/(INDEX($C$8:$G$8,MATCH(J$50,$C$5:$G$5,0))/1000) -> 3.3621116 | K55: =K43/(INDEX($C$8:$G$8,MATCH(K$50,$C$5:$G$5,0))/1000) -> 1.1739281 | L55: =L43/(INDEX($C$8:$G$8,MATCH(L$50,$C$5:$G$5,0))/1000) -> 2.0866936 | M55: =M43/(INDEX($C$8:$G$8,MATCH(M$50,$C$5:$G$5,0))/1000) -> 1.77481
B56: =B44 -> 120000000 | C56: =C44/(INDEX($C$8:$G$8,MATCH(C$50,$C$5:$G$5,0))/1000) -> 4.4616697 | D56: =D44/(INDEX($C$8:$G$8,MATCH(D$50,$C$5:$G$5,0))/1000) -> 5.9715857 | E56: =E44/(INDEX($C$8:$G$8,MATCH(E$50,$C$5:$G$5,0))/1000) -> 2.0850623 | F56: =F44/(INDEX($C$8:$G$8,MATCH(F$50,$C$5:$G$5,0))/1000) -> 3.7062629 | G56: =G44/(INDEX($C$8:$G$8,MATCH(G$50,$C$5:$G$5,0))/1000) -> 3.1523135 | I56: =I44/(INDEX($C$8:$G$8,MATCH(I$50,$C$5:$G$5,0))/1000) -> 3.0144017 | J56: =J44/(INDEX($C$8:$G$8,MATCH(J$50,$C$5:$G$5,0))/1000) -> 4.034534 | K56: =K44/(INDEX($C$8:$G$8,MATCH(K$50,$C$5:$G$5,0))/1000) -> 1.4087137 | L56: =L44/(INDEX($C$8:$G$8,MATCH(L$50,$C$5:$G$5,0))/1000) -> 2.5040323 | M56: =M44/(INDEX($C$8:$G$8,MATCH(M$50,$C$5:$G$5,0))/1000) -> 2.129772
B57: =B45 -> 140000000 | C57: =C45/(INDEX($C$8:$G$8,MATCH(C$50,$C$5:$G$5,0))/1000) -> 5.2052813 | D57: =D45/(INDEX($C$8:$G$8,MATCH(D$50,$C$5:$G$5,0))/1000) -> 6.96685 | E57: =E45/(INDEX($C$8:$G$8,MATCH(E$50,$C$5:$G$5,0))/1000) -> 2.4325727 | F57: =F45/(INDEX($C$8:$G$8,MATCH(F$50,$C$5:$G$5,0))/1000) -> 4.3239734 | G57: =G45/(INDEX($C$8:$G$8,MATCH(G$50,$C$5:$G$5,0))/1000) -> 3.6776991 | I57: =I45/(INDEX($C$8:$G$8,MATCH(I$50,$C$5:$G$5,0))/1000) -> 3.5168019 | J57: =J45/(INDEX($C$8:$G$8,MATCH(J$50,$C$5:$G$5,0))/1000) -> 4.7069563 | K57: =K45/(INDEX($C$8:$G$8,MATCH(K$50,$C$5:$G$5,0))/1000) -> 1.6434993 | L57: =L45/(INDEX($C$8:$G$8,MATCH(L$50,$C$5:$G$5,0))/1000) -> 2.9213711 | M57: =M45/(INDEX($C$8:$G$8,MATCH(M$50,$C$5:$G$5,0))/1000) -> 2.484734
B58: =B46 -> 160000000 | C58: =C46/(INDEX($C$8:$G$8,MATCH(C$50,$C$5:$G$5,0))/1000) -> 5.9488929 | D58: =D46/(INDEX($C$8:$G$8,MATCH(D$50,$C$5:$G$5,0))/1000) -> 7.9621142 | E58: =E46/(INDEX($C$8:$G$8,MATCH(E$50,$C$5:$G$5,0))/1000) -> 2.7800831 | F58: =F46/(INDEX($C$8:$G$8,MATCH(F$50,$C$5:$G$5,0))/1000) -> 4.9416839 | G58: =G46/(INDEX($C$8:$G$8,MATCH(G$50,$C$5:$G$5,0))/1000) -> 4.2030847 | I58: =I46/(INDEX($C$8:$G$8,MATCH(I$50,$C$5:$G$5,0))/1000) -> 4.0192022 | J58: =J46/(INDEX($C$8:$G$8,MATCH(J$50,$C$5:$G$5,0))/1000) -> 5.3793786 | K58: =K46/(INDEX($C$8:$G$8,MATCH(K$50,$C$5:$G$5,0))/1000) -> 1.878285 | L58: =L46/(INDEX($C$8:$G$8,MATCH(L$50,$C$5:$G$5,0))/1000) -> 3.3387098 | M58: =M46/(INDEX($C$8:$G$8,MATCH(M$50,$C$5:$G$5,0))/1000) -> 2.839696
B60: 4. Annual Tax Increase on a Typical Home — Bond Only (Peak Year)
C61: 10-Year Maturity | I61: 20-Year Maturity
B62: Bond Amount | C62: Bowdoin | D62: Bowdoinham | E62: Harpswell | F62: Topsham | G62: Overall | I62: Bowdoin | J62: Bowdoinham | K62: Harpswell | L62: Topsham | M62: Overall
B63: =B51 -> 20000000 | C63: =C51*INDEX($C$9:$G$9,MATCH(C$62,$C$5:$G$5,0))/1000 -> 233.1966 | D63: =D51*INDEX($C$9:$G$9,MATCH(D$62,$C$5:$G$5,0))/1000 -> 248.81607 | E63: =E51*INDEX($C$9:$G$9,MATCH(E$62,$C$5:$G$5,0))/1000 -> 208.57573 | F63: =F51*INDEX($C$9:$G$9,MATCH(F$62,$C$5:$G$5,0))/1000 -> 308.85525 | G63: =G51*INDEX($C$9:$G$9,MATCH(G$62,$C$5:$G$5,0))/1000 -> 218.53413 | I63: =I51*INDEX($C$9:$G$9,MATCH(I$62,$C$5:$G$5,0))/1000 -> 157.55273 | J63: =J51*INDEX($C$9:$G$9,MATCH(J$62,$C$5:$G$5,0))/1000 -> 168.10558 | K63: =K51*INDEX($C$9:$G$9,MATCH(K$62,$C$5:$G$5,0))/1000 -> 140.91833 | L63: =L51*INDEX($C$9:$G$9,MATCH(L$62,$C$5:$G$5,0))/1000 -> 208.66936 | M63: =M51*INDEX($C$9:$G$9,MATCH(M$62,$C$5:$G$5,0))/1000 -> 147.64644
B64: =B52 -> 40000000 | C64: =C52*INDEX($C$9:$G$9,MATCH(C$62,$C$5:$G$5,0))/1000 -> 466.3932 | D64: =D52*INDEX($C$9:$G$9,MATCH(D$62,$C$5:$G$5,0))/1000 -> 497.63214 | E64: =E52*INDEX($C$9:$G$9,MATCH(E$62,$C$5:$G$5,0))/1000 -> 417.15147 | F64: =F52*INDEX($C$9:$G$9,MATCH(F$62,$C$5:$G$5,0))/1000 -> 617.71049 | G64: =G52*INDEX($C$9:$G$9,MATCH(G$62,$C$5:$G$5,0))/1000 -> 437.06827 | I64: =I52*INDEX($C$9:$G$9,MATCH(I$62,$C$5:$G$5,0))/1000 -> 315.10545 | J64: =J52*INDEX($C$9:$G$9,MATCH(J$62,$C$5:$G$5,0))/1000 -> 336.21116 | K64: =K52*INDEX($C$9:$G$9,MATCH(K$62,$C$5:$G$5,0))/1000 -> 281.83666 | L64: =L52*INDEX($C$9:$G$9,MATCH(L$62,$C$5:$G$5,0))/1000 -> 417.33872 | M64: =M52*INDEX($C$9:$G$9,MATCH(M$62,$C$5:$G$5,0))/1000 -> 295.29289
B65: =B53 -> 60000000 | C65: =C53*INDEX($C$9:$G$9,MATCH(C$62,$C$5:$G$5,0))/1000 -> 699.5898 | D65: =D53*INDEX($C$9:$G$9,MATCH(D$62,$C$5:$G$5,0))/1000 -> 746.44821 | E65: =E53*INDEX($C$9:$G$9,MATCH(E$62,$C$5:$G$5,0))/1000 -> 625.7272 | F65: =F53*INDEX($C$9:$G$9,MATCH(F$62,$C$5:$G$5,0))/1000 -> 926.56574 | G65: =G53*INDEX($C$9:$G$9,MATCH(G$62,$C$5:$G$5,0))/1000 -> 655.6024 | I65: =I53*INDEX($C$9:$G$9,MATCH(I$62,$C$5:$G$5,0))/1000 -> 472.65818 | J65: =J53*INDEX($C$9:$G$9,MATCH(J$62,$C$5:$G$5,0))/1000 -> 504.31674 | K65: =K53*INDEX($C$9:$G$9,MATCH(K$62,$C$5:$G$5,0))/1000 -> 422.75499 | L65: =L53*INDEX($C$9:$G$9,MATCH(L$62,$C$5:$G$5,0))/1000 -> 626.00809 | M65: =M53*INDEX($C$9:$G$9,MATCH(M$62,$C$5:$G$5,0))/1000 -> 442.93933
B66: =B54 -> 80000000 | C66: =C54*INDEX($C$9:$G$9,MATCH(C$62,$C$5:$G$5,0))/1000 -> 932.7864 | D66: =D54*INDEX($C$9:$G$9,MATCH(D$62,$C$5:$G$5,0))/1000 -> 995.26428 | E66: =E54*INDEX($C$9:$G$9,MATCH(E$62,$C$5:$G$5,0))/1000 -> 834.30293 | F66: =F54*INDEX($C$9:$G$9,MATCH(F$62,$C$5:$G$5,0))/1000 -> 1235.421 | G66: =G54*INDEX($C$9:$G$9,MATCH(G$62,$C$5:$G$5,0))/1000 -> 874.13654 | I66: =I54*INDEX($C$9:$G$9,MATCH(I$62,$C$5:$G$5,0))/1000 -> 630.21091 | J66: =J54*INDEX($C$9:$G$9,MATCH(J$62,$C$5:$G$5,0))/1000 -> 672.42233 | K66: =K54*INDEX($C$9:$G$9,MATCH(K$62,$C$5:$G$5,0))/1000 -> 563.67332 | L66: =L54*INDEX($C$9:$G$9,MATCH(L$62,$C$5:$G$5,0))/1000 -> 834.67745 | M66: =M54*INDEX($C$9:$G$9,MATCH(M$62,$C$5:$G$5,0))/1000 -> 590.58577
B67: =B55 -> 100000000 | C67: =C55*INDEX($C$9:$G$9,MATCH(C$62,$C$5:$G$5,0))/1000 -> 1165.983 | D67: =D55*INDEX($C$9:$G$9,MATCH(D$62,$C$5:$G$5,0))/1000 -> 1244.0804 | E67: =E55*INDEX($C$9:$G$9,MATCH(E$62,$C$5:$G$5,0))/1000 -> 1042.8787 | F67: =F55*INDEX($C$9:$G$9,MATCH(F$62,$C$5:$G$5,0))/1000 -> 1544.2762 | G67: =G55*INDEX($C$9:$G$9,MATCH(G$62,$C$5:$G$5,0))/1000 -> 1092.6707 | I67: =I55*INDEX($C$9:$G$9,MATCH(I$62,$C$5:$G$5,0))/1000 -> 787.76363 | J67: =J55*INDEX($C$9:$G$9,MATCH(J$62,$C$5:$G$5,0))/1000 -> 840.52791 | K67: =K55*INDEX($C$9:$G$9,MATCH(K$62,$C$5:$G$5,0))/1000 -> 704.59165 | L67: =L55*INDEX($C$9:$G$9,MATCH(L$62,$C$5:$G$5,0))/1000 -> 1043.3468 | M67: =M55*INDEX($C$9:$G$9,MATCH(M$62,$C$5:$G$5,0))/1000 -> 738.23222
B68: =B56 -> 120000000 | C68: =C56*INDEX($C$9:$G$9,MATCH(C$62,$C$5:$G$5,0))/1000 -> 1399.1796 | D68: =D56*INDEX($C$9:$G$9,MATCH(D$62,$C$5:$G$5,0))/1000 -> 1492.8964 | E68: =E56*INDEX($C$9:$G$9,MATCH(E$62,$C$5:$G$5,0))/1000 -> 1251.4544 | F68: =F56*INDEX($C$9:$G$9,MATCH(F$62,$C$5:$G$5,0))/1000 -> 1853.1315 | G68: =G56*INDEX($C$9:$G$9,MATCH(G$62,$C$5:$G$5,0))/1000 -> 1311.2048 | I68: =I56*INDEX($C$9:$G$9,MATCH(I$62,$C$5:$G$5,0))/1000 -> 945.31636 | J68: =J56*INDEX($C$9:$G$9,MATCH(J$62,$C$5:$G$5,0))/1000 -> 1008.6335 | K68: =K56*INDEX($C$9:$G$9,MATCH(K$62,$C$5:$G$5,0))/1000 -> 845.50997 | L68: =L56*INDEX($C$9:$G$9,MATCH(L$62,$C$5:$G$5,0))/1000 -> 1252.0162 | M68: =M56*INDEX($C$9:$G$9,MATCH(M$62,$C$5:$G$5,0))/1000 -> 885.87866
B69: =B57 -> 140000000 | C69: =C57*INDEX($C$9:$G$9,MATCH(C$62,$C$5:$G$5,0))/1000 -> 1632.3762 | D69: =D57*INDEX($C$9:$G$9,MATCH(D$62,$C$5:$G$5,0))/1000 -> 1741.7125 | E69: =E57*INDEX($C$9:$G$9,MATCH(E$62,$C$5:$G$5,0))/1000 -> 1460.0301 | F69: =F57*INDEX($C$9:$G$9,MATCH(F$62,$C$5:$G$5,0))/1000 -> 2161.9867 | G69: =G57*INDEX($C$9:$G$9,MATCH(G$62,$C$5:$G$5,0))/1000 -> 1529.7389 | I69: =I57*INDEX($C$9:$G$9,MATCH(I$62,$C$5:$G$5,0))/1000 -> 1102.8691 | J69: =J57*INDEX($C$9:$G$9,MATCH(J$62,$C$5:$G$5,0))/1000 -> 1176.7391 | K69: =K57*INDEX($C$9:$G$9,MATCH(K$62,$C$5:$G$5,0))/1000 -> 986.4283 | L69: =L57*INDEX($C$9:$G$9,MATCH(L$62,$C$5:$G$5,0))/1000 -> 1460.6855 | M69: =M57*INDEX($C$9:$G$9,MATCH(M$62,$C$5:$G$5,0))/1000 -> 1033.5251
B70: =B58 -> 160000000 | C70: =C58*INDEX($C$9:$G$9,MATCH(C$62,$C$5:$G$5,0))/1000 -> 1865.5728 | D70: =D58*INDEX($C$9:$G$9,MATCH(D$62,$C$5:$G$5,0))/1000 -> 1990.5286 | E70: =E58*INDEX($C$9:$G$9,MATCH(E$62,$C$5:$G$5,0))/1000 -> 1668.6059 | F70: =F58*INDEX($C$9:$G$9,MATCH(F$62,$C$5:$G$5,0))/1000 -> 2470.842 | G70: =G58*INDEX($C$9:$G$9,MATCH(G$62,$C$5:$G$5,0))/1000 -> 1748.2731 | I70: =I58*INDEX($C$9:$G$9,MATCH(I$62,$C$5:$G$5,0))/1000 -> 1260.4218 | J70: =J58*INDEX($C$9:$G$9,MATCH(J$62,$C$5:$G$5,0))/1000 -> 1344.8447 | K70: =K58*INDEX($C$9:$G$9,MATCH(K$62,$C$5:$G$5,0))/1000 -> 1127.3466 | L70: =L58*INDEX($C$9:$G$9,MATCH(L$62,$C$5:$G$5,0))/1000 -> 1669.3549 | M70: =M58*INDEX($C$9:$G$9,MATCH(M$62,$C$5:$G$5,0))/1000 -> 1181.1715
B72: 5. Combined Annual Tax Increase on a Typical Home — FY2027 Operating Increase + Bond
C73: 10-Year Maturity | I73: 20-Year Maturity
B74: Bond Amount | C74: Bowdoin | D74: Bowdoinham | E74: Harpswell | F74: Topsham | G74: Overall | I74: Bowdoin | J74: Bowdoinham | K74: Harpswell | L74: Topsham | M74: Overall
B75: =B63 -> 20000000 | C75: =C63+INDEX($C$11:$G$11,MATCH(C$74,$C$5:$G$5,0)) -> 547.48318 | D75: =D63+INDEX($C$11:$G$11,MATCH(D$74,$C$5:$G$5,0)) -> 554.20072 | E75: =E63+INDEX($C$11:$G$11,MATCH(E$74,$C$5:$G$5,0)) -> 374.24411 | F75: =F63+INDEX($C$11:$G$11,MATCH(F$74,$C$5:$G$5,0)) -> 665.78728 | G75: =G63+INDEX($C$11:$G$11,MATCH(G$74,$C$5:$G$5,0)) -> 453.23066 | I75: =I63+INDEX($C$11:$G$11,MATCH(I$74,$C$5:$G$5,0)) -> 471.83931 | J75: =J63+INDEX($C$11:$G$11,MATCH(J$74,$C$5:$G$5,0)) -> 473.49023 | K75: =K63+INDEX($C$11:$G$11,MATCH(K$74,$C$5:$G$5,0)) -> 306.5867 | L75: =L63+INDEX($C$11:$G$11,MATCH(L$74,$C$5:$G$5,0)) -> 565.6014 | M75: =M63+INDEX($C$11:$G$11,MATCH(M$74,$C$5:$G$5,0)) -> 382.34296
B76: =B64 -> 40000000 | C76: =C64+INDEX($C$11:$G$11,MATCH(C$74,$C$5:$G$5,0)) -> 780.67978 | D76: =D64+INDEX($C$11:$G$11,MATCH(D$74,$C$5:$G$5,0)) -> 803.01679 | E76: =E64+INDEX($C$11:$G$11,MATCH(E$74,$C$5:$G$5,0)) -> 582.81984 | F76: =F64+INDEX($C$11:$G$11,MATCH(F$74,$C$5:$G$5,0)) -> 974.64253 | G76: =G64+INDEX($C$11:$G$11,MATCH(G$74,$C$5:$G$5,0)) -> 671.76479 | I76: =I64+INDEX($C$11:$G$11,MATCH(I$74,$C$5:$G$5,0)) -> 629.39203 | J76: =J64+INDEX($C$11:$G$11,MATCH(J$74,$C$5:$G$5,0)) -> 641.59581 | K76: =K64+INDEX($C$11:$G$11,MATCH(K$74,$C$5:$G$5,0)) -> 447.50503 | L76: =L64+INDEX($C$11:$G$11,MATCH(L$74,$C$5:$G$5,0)) -> 774.27076 | M76: =M64+INDEX($C$11:$G$11,MATCH(M$74,$C$5:$G$5,0)) -> 529.98941
B77: =B65 -> 60000000 | C77: =C65+INDEX($C$11:$G$11,MATCH(C$74,$C$5:$G$5,0)) -> 1013.8764 | D77: =D65+INDEX($C$11:$G$11,MATCH(D$74,$C$5:$G$5,0)) -> 1051.8329 | E77: =E65+INDEX($C$11:$G$11,MATCH(E$74,$C$5:$G$5,0)) -> 791.39557 | F77: =F65+INDEX($C$11:$G$11,MATCH(F$74,$C$5:$G$5,0)) -> 1283.4978 | G77: =G65+INDEX($C$11:$G$11,MATCH(G$74,$C$5:$G$5,0)) -> 890.29892 | I77: =I65+INDEX($C$11:$G$11,MATCH(I$74,$C$5:$G$5,0)) -> 786.94476 | J77: =J65+INDEX($C$11:$G$11,MATCH(J$74,$C$5:$G$5,0)) -> 809.70139 | K77: =K65+INDEX($C$11:$G$11,MATCH(K$74,$C$5:$G$5,0)) -> 588.42336 | L77: =L65+INDEX($C$11:$G$11,MATCH(L$74,$C$5:$G$5,0)) -> 982.94013 | M77: =M65+INDEX($C$11:$G$11,MATCH(M$74,$C$5:$G$5,0)) -> 677.63585
B78: =B66 -> 80000000 | C78: =C66+INDEX($C$11:$G$11,MATCH(C$74,$C$5:$G$5,0)) -> 1247.073 | D78: =D66+INDEX($C$11:$G$11,MATCH(D$74,$C$5:$G$5,0)) -> 1300.6489 | E78: =E66+INDEX($C$11:$G$11,MATCH(E$74,$C$5:$G$5,0)) -> 999.97131 | F78: =F66+INDEX($C$11:$G$11,MATCH(F$74,$C$5:$G$5,0)) -> 1592.353 | G78: =G66+INDEX($C$11:$G$11,MATCH(G$74,$C$5:$G$5,0)) -> 1108.8331 | I78: =I66+INDEX($C$11:$G$11,MATCH(I$74,$C$5:$G$5,0)) -> 944.49749 | J78: =J66+INDEX($C$11:$G$11,MATCH(J$74,$C$5:$G$5,0)) -> 977.80697 | K78: =K66+INDEX($C$11:$G$11,MATCH(K$74,$C$5:$G$5,0)) -> 729.34169 | L78: =L66+INDEX($C$11:$G$11,MATCH(L$74,$C$5:$G$5,0)) -> 1191.6095 | M78: =M66+INDEX($C$11:$G$11,MATCH(M$74,$C$5:$G$5,0)) -> 825.28229
B79: =B67 -> 100000000 | C79: =C67+INDEX($C$11:$G$11,MATCH(C$74,$C$5:$G$5,0)) -> 1480.2696 | D79: =D67+INDEX($C$11:$G$11,MATCH(D$74,$C$5:$G$5,0)) -> 1549.465 | E79: =E67+INDEX($C$11:$G$11,MATCH(E$74,$C$5:$G$5,0)) -> 1208.547 | F79: =F67+INDEX($C$11:$G$11,MATCH(F$74,$C$5:$G$5,0)) -> 1901.2083 | G79: =G67+INDEX($C$11:$G$11,MATCH(G$74,$C$5:$G$5,0)) -> 1327.3672 | I79: =I67+INDEX($C$11:$G$11,MATCH(I$74,$C$5:$G$5,0)) -> 1102.0502 | J79: =J67+INDEX($C$11:$G$11,MATCH(J$74,$C$5:$G$5,0)) -> 1145.9126 | K79: =K67+INDEX($C$11:$G$11,MATCH(K$74,$C$5:$G$5,0)) -> 870.26002 | L79: =L67+INDEX($C$11:$G$11,MATCH(L$74,$C$5:$G$5,0)) -> 1400.2788 | M79: =M67+INDEX($C$11:$G$11,MATCH(M$74,$C$5:$G$5,0)) -> 972.92874
B80: =B68 -> 120000000 | C80: =C68+INDEX($C$11:$G$11,MATCH(C$74,$C$5:$G$5,0)) -> 1713.4662 | D80: =D68+INDEX($C$11:$G$11,MATCH(D$74,$C$5:$G$5,0)) -> 1798.2811 | E80: =E68+INDEX($C$11:$G$11,MATCH(E$74,$C$5:$G$5,0)) -> 1417.1228 | F80: =F68+INDEX($C$11:$G$11,MATCH(F$74,$C$5:$G$5,0)) -> 2210.0635 | G80: =G68+INDEX($C$11:$G$11,MATCH(G$74,$C$5:$G$5,0)) -> 1545.9013 | I80: =I68+INDEX($C$11:$G$11,MATCH(I$74,$C$5:$G$5,0)) -> 1259.6029 | J80: =J68+INDEX($C$11:$G$11,MATCH(J$74,$C$5:$G$5,0)) -> 1314.0181 | K80: =K68+INDEX($C$11:$G$11,MATCH(K$74,$C$5:$G$5,0)) -> 1011.1783 | L80: =L68+INDEX($C$11:$G$11,MATCH(L$74,$C$5:$G$5,0)) -> 1608.9482 | M80: =M68+INDEX($C$11:$G$11,MATCH(M$74,$C$5:$G$5,0)) -> 1120.5752
B81: =B69 -> 140000000 | C81: =C69+INDEX($C$11:$G$11,MATCH(C$74,$C$5:$G$5,0)) -> 1946.6628 | D81: =D69+INDEX($C$11:$G$11,MATCH(D$74,$C$5:$G$5,0)) -> 2047.0971 | E81: =E69+INDEX($C$11:$G$11,MATCH(E$74,$C$5:$G$5,0)) -> 1625.6985 | F81: =F69+INDEX($C$11:$G$11,MATCH(F$74,$C$5:$G$5,0)) -> 2518.9188 | G81: =G69+INDEX($C$11:$G$11,MATCH(G$74,$C$5:$G$5,0)) -> 1764.4355 | I81: =I69+INDEX($C$11:$G$11,MATCH(I$74,$C$5:$G$5,0)) -> 1417.1557 | J81: =J69+INDEX($C$11:$G$11,MATCH(J$74,$C$5:$G$5,0)) -> 1482.1237 | K81: =K69+INDEX($C$11:$G$11,MATCH(K$74,$C$5:$G$5,0)) -> 1152.0967 | L81: =L69+INDEX($C$11:$G$11,MATCH(L$74,$C$5:$G$5,0)) -> 1817.6176 | M81: =M69+INDEX($C$11:$G$11,MATCH(M$74,$C$5:$G$5,0)) -> 1268.2216
B82: =B70 -> 160000000 | C82: =C70+INDEX($C$11:$G$11,MATCH(C$74,$C$5:$G$5,0)) -> 2179.8594 | D82: =D70+INDEX($C$11:$G$11,MATCH(D$74,$C$5:$G$5,0)) -> 2295.9132 | E82: =E70+INDEX($C$11:$G$11,MATCH(E$74,$C$5:$G$5,0)) -> 1834.2742 | F82: =F70+INDEX($C$11:$G$11,MATCH(F$74,$C$5:$G$5,0)) -> 2827.774 | G82: =G70+INDEX($C$11:$G$11,MATCH(G$74,$C$5:$G$5,0)) -> 1982.9696 | I82: =I70+INDEX($C$11:$G$11,MATCH(I$74,$C$5:$G$5,0)) -> 1574.7084 | J82: =J70+INDEX($C$11:$G$11,MATCH(J$74,$C$5:$G$5,0)) -> 1650.2293 | K82: =K70+INDEX($C$11:$G$11,MATCH(K$74,$C$5:$G$5,0)) -> 1293.015 | L82: =L70+INDEX($C$11:$G$11,MATCH(L$74,$C$5:$G$5,0)) -> 2026.2869 | M82: =M70+INDEX($C$11:$G$11,MATCH(M$74,$C$5:$G$5,0)) -> 1415.8681
B84: Notes & Methodology
B85: • Debt service for each bond size is scaled proportionally from the MMBB $135M preliminary schedules (same rates, level principal). Actual figures will change with market rates at sale.
B86: • Each town's share of debt service uses its share of the 2027 Total Local Contribution (row 7). Update row 7 if the district's cost-sharing formula for debt differs.
B87: • Tax impact is shown for the peak debt-service year (FY2029 for 10-yr, FY2030 for 20-yr); payments decline each year after (see Final-Year and Avg Annual columns in Table 1).
B88: • Valuations and typical home values are January 2026 figures from Sheet1; no valuation growth is assumed.
B89: • Table 5 adds the FY2027 operating tax increase (Sheet1 row 22) to the bond impact, showing the total increase over FY2026 for a typical home.

Sheet MMBB Summary
B2: Maine Municipal Bond Bank
B3: Summary of Projected Loan
B4: MSAD 75 (Spring 2028 - $135,000,000 Loan Amount)
B5: 46290
B7: Summary | C7: 10-Year Maturity | D7: 20-Year Maturity | E7: Difference
B8: Par Amount | C8: 135000000 | D8: 135000000 | E8: =C8-D8 -> 0
B9: Dated Date | C9: 46891 | D9: 46891 | E9: -
B10: Final Maturity | C10: 50345 | D10: 53997 | E10: -
B11: True Interest Cost (1) | C11: 0.04136 | D11: 0.04748 | E11: =C11-D11 -> -0.00612
B12: Average Life (Years) | C12: 4.953 | D12: 9.953 | E12: =D12-C12 -> 5
B13: Total Interest | C13: 27713622 | D13: 64365450 | E13: =C13-D13 -> -36651828
B14: Total Debt Service | C14: 162713622 | D14: 199365450 | E14: =C14-D14 -> -36651828
B15: Average Annual Debt Service | C15: 16271362 | D15: 9968273 | E15: =C15-D15 -> 6303089
B17: Projected Debt Service (1) | C17: 10-Year Maturity | D17: 20-Year Maturity | E17: Difference
B18: FY 2029 | C18: 18400647 | D18: 12393825 | E18: =C18-D18 -> 6006822
B19: FY 2030 | C19: 18160200 | D19: 12431880 | E19: =C19-D19 -> 5728320
B20: FY 2031 | C20: 17655300 | D20: 12179430 | E20: =C20-D20 -> 5475870
B21: FY 2032 | C21: 17140950 | D21: 11922255 | E21: =C21-D21 -> 5218695
B22: FY 2033 | C22: 16615125 | D22: 11659343 | E22: =C22-D22 -> 4955782
B23: FY 2034 | C23: 16075125 | D23: 11389343 | E23: =C23-D23 -> 4685782
B24: FY 2035 | C24: 15522975 | D24: 11113268 | E24: =C24-D24 -> 4409707
B25: FY 2036 | C25: 14960025 | D25: 10831793 | E25: =C25-D25 -> 4128232
B26: FY 2037 | C26: 14385600 | D26: 10544580 | E26: =C26-D26 -> 3841020
B27: FY 2038 | C27: 13797675 | D27: 10250618 | E27: =C27-D27 -> 3547057
B28: FY 2039 | C28: 0 | D28: 9948893 | E28: =C28-D28 -> -9948893
B29: FY 2040 | C29: 0 | D29: 9637211 | E29: =C29-D29 -> -9637211
... B37: FY 2048 | C37: 0 | D37: 6926175 | E37: =C37-D37 -> -6926175
B38: Total | C38: =SUM(C18:C37) -> 162713622 | D38: =SUM(D18:D37) -> 199365455 | E38: =SUM(E18:E37) -> -36651833
B40: 1. Market Rates as of September 25, 2026. Rates are preliminary and subject to change with market movement.
B41: **PROJECTIONS, SUBJECT TO CHANGE. FOR DISCUSSION PURPOSES ONLY** — Prepared by Hilltop Securities Inc. as financial advisor to the Maine Municipal Bond Bank.

Sheet 10-Yr Prelim
B2: Maine Municipal Bond Bank — $135,000,000 for 10-years (Spring 2028 Issue)
B3: MSAD 75 — **Preliminary, Subject to Change**
B4: Prepared by Hilltop Securities, Sep 25, 2026
B6: SOURCES AND USES OF FUNDS
B7: Dated Date | C7: 46891
B8: Delivery Date | C8: 46891
B9: Sources — Bond Proceeds: Par Amount | C9: 135000000
B10: Total Sources | C10: =C9 -> 135000000
B11: Uses — Project Fund Deposits: Project Fund | C11: 135000000
B12: Total Uses | C12: =C11 -> 135000000
B14: BOND SUMMARY STATISTICS
B15: Dated Date | C15: 46891
B16: Delivery Date | C16: 46891
B17: First Coupon | C17: 47058
B18: Last Maturity | C18: 50345
B19: Arbitrage Yield | C19: 0.04135541
B20: True Interest Cost (TIC) | C20: 0.04135541
B21: Net Interest Cost (NIC) | C21: 0.04144868
B22: All-In TIC | C22: 0.04135541
B23: Average Coupon | C23: 0.04144868
B24: Average Life (years) | C24: 4.953
B25: Weighted Average Maturity (years) | C25: 4.953
B26: Duration of Issue (years) | C26: 4.399
... B36: Bid Price | C36: 100
B38: BOND PRICING — Serial Bonds
B39: Maturity Date | C39: Amount | D39: Rate | E39: Yield | F39: Price
B40: 47058 | C40: 13500000 | D40: 0.03641 | E40: 0.03641 | F40: 100
B41: 47423 | C41: 13500000 | D41: 0.037 | E41: 0.037 | F41: 100
B42: 47788 | C42: 13500000 | D42: 0.0378 | E42: 0.0378 | F42: 100
B43: 48153 | C43: 13500000 | D43: 0.0384 | E43: 0.0384 | F43: 100
B44: 48519 | C44: 13500000 | D44: 0.0395 | E44: 0.0395 | F44: 100
B45: 48884 | C45: 13500000 | D45: 0.0405 | E45: 0.0405 | F45: 100
B46: 49249 | C46: 13500000 | D46: 0.0413 | E46: 0.0413 | F46: 100
B47: 49614 | C47: 13500000 | D47: 0.0421 | E47: 0.0421 | F47: 100
B48: 49980 | C48: 13500000 | D48: 0.043 | E48: 0.043 | F48: 100
B49: 50345 | C49: 13500000 | D49: 0.0441 | E49: 0.0441 | F49: 100
B50: Total | C50: =SUM(C40:C49) -> 135000000
B52: BOND DEBT SERVICE — Fiscal Year (Period Ending June 30)
B53: Period Ending | C53: Principal | D53: Coupon | E53: Interest | F53: Debt Service
B54: 47299 | C54: 13500000 | D54: 0.03641 | E54: 4900647.4 | F54: =C54+E54 -> 18400647
B55: 47664 | C55: 13500000 | D55: 0.037 | E55: 4660200 | F55: =C55+E55 -> 18160200
B56: 48029 | C56: 13500000 | D56: 0.0378 | E56: 4155300 | F56: =C56+E56 -> 17655300
B57: 48395 | C57: 13500000 | D57: 0.0384 | E57: 3640950 | F57: =C57+E57 -> 17140950
B58: 48760 | C58: 13500000 | D58: 0.0395 | E58: 3115125 | F58: =C58+E58 -> 16615125
B59: 49125 | C59: 13500000 | D59: 0.0405 | E59: 2575125 | F59: =C59+E59 -> 16075125
B60: 49490 | C60: 13500000 | D60: 0.0413 | E60: 2022975 | F60: =C60+E60 -> 15522975
B61: 49856 | C61: 13500000 | D61: 0.0421 | E61: 1460025 | F61: =C61+E61 -> 14960025
B62: 50221 | C62: 13500000 | D62: 0.043 | E62: 885600 | F62: =C62+E62 -> 14385600
B63: 50586 | C63: 13500000 | D63: 0.0441 | E63: 297675 | F63: =C63+E63 -> 13797675
B64: Total | C64: =SUM(C54:C63) -> 135000000 | E64: =SUM(E54:E63) -> 27713622 | F64: =SUM(F54:F63) -> 1.6271362e+08
B66: BOND DEBT SERVICE — Semiannual Payment Dates
B67: Payment Date | C67: Principal | D67: Coupon | E67: Interest | F67: Debt Service
B68: 47058 | C68: 13500000 | D68: 0.03641 | E68: 2445672.4 | F68: =SUM(C68,E68) -> 15945672
B69: 47239 | E69: 2454975 | F69: =SUM(C69,E69) -> 2454975
B70: 47423 | C70: 13500000 | D70: 0.037 | E70: 2454975 | F70: =SUM(C70,E70) -> 15954975
B71: 47604 | E71: 2205225 | F71: =SUM(C71,E71) -> 2205225
B72: 47788 | C72: 13500000 | D72: 0.0378 | E72: 2205225 | F72: =SUM(C72,E72) -> 15705225
B73: 47969 | E73: 1950075 | F73: =SUM(C73,E73) -> 1950075
B74: 48153 | C74: 13500000 | D74: 0.0384 | E74: 1950075 | F74: =SUM(C74,E74) -> 15450075
B75: 48335 | E75: 1690875 | F75: =SUM(C75,E75) -> 1690875
B76: 48519 | C76: 13500000 | D76: 0.0395 | E76: 1690875 | F76: =SUM(C76,E76) -> 15190875
B77: 48700 | E77: 1424250 | F77: =SUM(C77,E77) -> 1424250
B78: 48884 | C78: 13500000 | D78: 0.0405 | E78: 1424250 | F78: =SUM(C78,E78) -> 14924250
B79: 49065 | E79: 1150875 | F79: =SUM(C79,E79) -> 1150875
B80: 49249 | C80: 13500000 | D80: 0.0413 | E80: 1150875 | F80: =SUM(C80,E80) -> 14650875
B81: 49430 | E81: 872100 | F81: =SUM(C81,E81) -> 872100
B82: 49614 | C82: 13500000 | D82: 0.0421 | E82: 872100 | F82: =SUM(C82,E82) -> 14372100
B83: 49796 | E83: 587925 | F83: =SUM(C83,E83) -> 587925
B84: 49980 | C84: 13500000 | D84: 0.043 | E84: 587925 | F84: =SUM(C84,E84) -> 14087925
B85: 50161 | E85: 297675 | F85: =SUM(C85,E85) -> 297675
B86: 50345 | C86: 13500000 | D86: 0.0441 | E86: 297675 | F86: =SUM(C86,E86) -> 13797675
B87: Total | C87: =SUM(C68:C86) -> 135000000 | E87: =SUM(E68:E86) -> 27713622 | F87: =SUM(F68:F86) -> 1.6271362e+08

Sheet 20-Yr Prelim
B2: Maine Municipal Bond Bank — $135,000,000 for 20-years (Spring 2028 Issue)
B3: MSAD 75 — **Preliminary, Subject to Change**
B4: Prepared by Hilltop Securities, Sep 25, 2026
B6: SOURCES AND USES OF FUNDS
B7: Dated Date | C7: 46891
B8: Delivery Date | C8: 46891
B9: Sources — Bond Proceeds: Par Amount | C9: 135000000
B10: Total Sources | C10: =C9 -> 135000000
B11: Uses — Project Fund Deposits: Project Fund | C11: 135000000
B12: Total Uses | C12: =C11 -> 135000000
B14: BOND SUMMARY STATISTICS
B15: Dated Date | C15: 46891
B16: Delivery Date | C16: 46891
B17: First Coupon | C17: 47058
B18: Last Maturity | C18: 53997
B19: Arbitrage Yield | C19: 0.04747637
B20: True Interest Cost (TIC) | C20: 0.04747637
B21: Net Interest Cost (NIC) | C21: 0.04790433
B22: All-In TIC | C22: 0.04747637
B23: Average Coupon | C23: 0.04790433
B24: Average Life (years) | C24: 9.953
B25: Weighted Average Maturity (years) | C25: 9.953
B26: Duration of Issue (years) | C26: 7.608
... B36: Bid Price | C36: 100
B38: BOND PRICING — Serial Bonds
B39: Maturity Date | C39: Amount | D39: Rate | E39: Yield | F39: Price
B40: 47058 | C40: 6750000 | D40: 0.03641 | E40: 0.03641 | F40: 100
B41: 47423 | C41: 6750000 | D41: 0.037 | E41: 0.037 | F41: 100
B42: 47788 | C42: 6750000 | D42: 0.0378 | E42: 0.0378 | F42: 100
B43: 48153 | C43: 6750000 | D43: 0.0384 | E43: 0.0384 | F43: 100
B44: 48519 | C44: 6750000 | D44: 0.0395 | E44: 0.0395 | F44: 100
B45: 48884 | C45: 6750000 | D45: 0.0405 | E45: 0.0405 | F45: 100
B46: 49249 | C46: 6750000 | D46: 0.0413 | E46: 0.0413 | F46: 100
B47: 49614 | C47: 6750000 | D47: 0.0421 | E47: 0.0421 | F47: 100
B48: 49980 | C48: 6750000 | D48: 0.043 | E48: 0.043 | F48: 100
B49: 50345 | C49: 6750000 | D49: 0.0441 | E49: 0.0441 | F49: 100
B50: 50710 | C50: 6750000 | D50: 0.0453 | E50: 0.0453 | F50: 100
B51: 51075 | C51: 6750000 | D51: 0.04705 | E51: 0.04705 | F51: 100
... B59: 53997 | C59: 6750000 | D59: 0.0522 | E59: 0.0522 | F59: 100
B60: Total | C60: =SUM(C40:C59) -> 135000000
B62: BOND DEBT SERVICE — Fiscal Year (Period Ending June 30)
B63: Period Ending | C63: Principal | D63: Coupon | E63: Interest | F63: Debt Service
B64: 47299 | C64: 6750000 | D64: 0.03641 | E64: 5643825.2 | F64: =C64+E64 -> 12393825
B65: 47664 | C65: 6750000 | D65: 0.037 | E65: 5681880 | F65: =C65+E65 -> 12431880
B66: 48029 | C66: 6750000 | D66: 0.0378 | E66: 5429430 | F66: =C66+E66 -> 12179430
B67: 48395 | C67: 6750000 | D67: 0.0384 | E67: 5172255 | F67: =C67+E67 -> 11922255
B68: 48760 | C68: 6750000 | D68: 0.0395 | E68: 4909342.5 | F68: =C68+E68 -> 11659342
B69: 49125 | C69: 6750000 | D69: 0.0405 | E69: 4639342.5 | F69: =C69+E69 -> 11389342
B70: 49490 | C70: 6750000 | D70: 0.0413 | E70: 4363267.5 | F70: =C70+E70 -> 11113268
B71: 49856 | C71: 6750000 | D71: 0.0421 | E71: 4081792.5 | F71: =C71+E71 -> 10831792
B72: 50221 | C72: 6750000 | D72: 0.043 | E72: 3794580 | F72: =C72+E72 -> 10544580
B73: 50586 | C73: 6750000 | D73: 0.0441 | E73: 3500617.5 | F73: =C73+E73 -> 10250618
B74: 50951 | C74: 6750000 | D74: 0.0453 | E74: 3198892.5 | F74: =C74+E74 -> 9948892.5
B75: 51317 | C75: 6750000 | D75: 0.04705 | E75: 2887211.2 | F75: =C75+E75 -> 9637211.2
... B83: 54239 | C83: 6750000 | D83: 0.0522 | E83: 176175 | F83: =C83+E83 -> 6926175
B84: Total | C84: =SUM(C64:C83) -> 135000000 | E84: =SUM(E64:E83) -> 64365450 | F84: =SUM(F64:F83) -> 1.9936545e+08
B86: BOND DEBT SERVICE — Semiannual Payment Dates
B87: Payment Date | C87: Principal | D87: Coupon | E87: Interest | F87: Debt Service
B88: 47058 | C88: 6750000 | D88: 0.03641 | E88: 2740447.7 | F88: =SUM(C88,E88) -> 9490447.7
B89: 47239 | E89: 2903377.5 | F89: =SUM(C89,E89) -> 2903377.5
B90: 47423 | C90: 6750000 | D90: 0.037 | E90: 2903377.5 | F90: =SUM(C90,E90) -> 9653377.5
B91: 47604 | E91: 2778502.5 | F91: =SUM(C91,E91) -> 2778502.5
B92: 47788 | C92: 6750000 | D92: 0.0378 | E92: 2778502.5 | F92: =SUM(C92,E92) -> 9528502.5
B93: 47969 | E93: 2650927.5 | F93: =SUM(C93,E93) -> 2650927.5
B94: 48153 | C94: 6750000 | D94: 0.0384 | E94: 2650927.5 | F94: =SUM(C94,E94) -> 9400927.5
B95: 48335 | E95: 2521327.5 | F95: =SUM(C95,E95) -> 2521327.5
B96: 48519 | C96: 6750000 | D96: 0.0395 | E96: 2521327.5 | F96: =SUM(C96,E96) -> 9271327.5
B97: 48700 | E97: 2388015 | F97: =SUM(C97,E97) -> 2388015
B98: 48884 | C98: 6750000 | D98: 0.0405 | E98: 2388015 | F98: =SUM(C98,E98) -> 9138015
B99: 49065 | E99: 2251327.5 | F99: =SUM(C99,E99) -> 2251327.5
B100: 49249 | C100: 6750000 | D100: 0.0413 | E100: 2251327.5 | F100: =SUM(C100,E100) -> 9001327.5
B101: 49430 | E101: 2111940 | F101: =SUM(C101,E101) -> 2111940
B102: 49614 | C102: 6750000 | D102: 0.0421 | E102: 2111940 | F102: =SUM(C102,E102) -> 8861940
B103: 49796 | E103: 1969852.5 | F103: =SUM(C103,E103) -> 1969852.5
B104: 49980 | C104: 6750000 | D104: 0.043 | E104: 1969852.5 | F104: =SUM(C104,E104) -> 8719852.5
B105: 50161 | E105: 1824727.5 | F105: =SUM(C105,E105) -> 1824727.5
B106: 50345 | C106: 6750000 | D106: 0.0441 | E106: 1824727.5 | F106: =SUM(C106,E106) -> 8574727.5
B107: 50526 | E107: 1675890 | F107: =SUM(C107,E107) -> 1675890
B108: 50710 | C108: 6750000 | D108: 0.0453 | E108: 1675890 | F108: =SUM(C108,E108) -> 8425890
B109: 50891 | E109: 1523002.5 | F109: =SUM(C109,E109) -> 1523002.5
B110: 51075 | C110: 6750000 | D110: 0.04705 | E110: 1523002.5 | F110: =SUM(C110,E110) -> 8273002.5
B111: 51257 | E111: 1364208.8 | F111: =SUM(C111,E111) -> 1364208.8
B112: 51441 | C112: 6750000 | D112: 0.0483 | E112: 1364208.8 | F112: =SUM(C112,E112) -> 8114208.8
B113: 51622 | E113: 1201196.2 | F113: =SUM(C113,E113) -> 1201196.2
B114: 51806 | C114: 6750000 | D114: 0.04924 | E114: 1201196.2 | F114: =SUM(C114,E114) -> 7951196.2
B115: 51987 | E115: 1035011.2 | F115: =SUM(C115,E115) -> 1035011.2
B116: 52171 | C116: 6750000 | D116: 0.04993 | E116: 1035011.2 | F116: =SUM(C116,E116) -> 7785011.2
B117: 52352 | E117: 866497.5 | F117: =SUM(C117,E117) -> 866497.5
B118: 52536 | C118: 6750000 | D118: 0.05054 | E118: 866497.5 | F118: =SUM(C118,E118) -> 7616497.5
B119: 52718 | E119: 695925 | F119: =SUM(C119,E119) -> 695925
B120: 52902 | C120: 6750000 | D120: 0.05096 | E120: 695925 | F120: =SUM(C120,E120) -> 7445925
B121: 53083 | E121: 523935 | F121: =SUM(C121,E121) -> 523935
B122: 53267 | C122: 6750000 | D122: 0.05134 | E122: 523935 | F122: =SUM(C122,E122) -> 7273935
B123: 53448 | E123: 350662.5 | F123: =SUM(C123,E123) -> 350662.5
B124: 53632 | C124: 6750000 | D124: 0.0517 | E124: 350662.5 | F124: =SUM(C124,E124) -> 7100662.5
B125: 53813 | E125: 176175 | F125: =SUM(C125,E125) -> 176175
B126: 53997 | C126: 6750000 | D126: 0.0522 | E126: 176175 | F126: =SUM(C126,E126) -> 6926175
B127: Total | C127: =SUM(C88:C126) -> 135000000 | E127: =SUM(E88:E126) -> 64365450 | F127: =SUM(F88:F126) -> 1.9936545e+08
